 Dungeon Crawl Stone Soup version 0.21.0-30-g47ce8e4 (webtiles) character file.

2053 tidbits the Sneak (level 9, -3/65 HPs)
             Began as a Gnoll Enchanter on Jan 28, 2018.
             Was a Follower of Cheibriados.
             Slain by a guardian serpent (14 damage)
             ... on level 9 of the Dungeon.
             The game lasted 00:23:27 (2482 turns).

tidbits the Sneak (Gnoll Enchanter)                 Turns: 2482, Time: 00:23:28

Health: -3/65      AC:  8    Str: 16    XL:     9   Next: 25%
Magic:  4/18       EV: 16    Int: 25    God:    Cheibriados [*.....]
Gold:   222        SH:  5    Dex: 18    Spells: 4/20 levels left

rFire    . . .     SeeInvis .   b - +1 dagger
rCold    . . .     Gourm    .   D - +0 buckler
rNeg     . . .     Faith    .   B - +0 robe
rPois    .         Spirit   .   E - +2 hat
rElec    .         Reflect  .   C - +2 cloak
rCorr    .         Harm     .   G - +0 pair of gloves
MR       .....                  (no boots)
Stlth    ++++......             (no amulet)
HPRegen  0.20/turn              q - ring of flight
MPRegen  0.16/turn              s - +3 ring of strength

@: very slow
A: distributed training, fangs 1, strong nose
a: Bend Time, Renounce Religion, Evoke Flight


You were on level 9 of the Dungeon.
You worshipped Cheibriados.
Cheibriados was aware of your devotion.
You were not hungry.

You visited 2 branches of the dungeon, and saw 10 of its levels.
You also visited: Sewer.

You collected 222 gold pieces.

Inventory:

Hand Weapons
 a - a +0 short sword of venom
   (You took it off a kobold on level 1 of the Dungeon)
 b - a +1 dagger (weapon)
 g - a +0 hunting sling
 A - a +2 shortbow of velocity
   (You took it off a centaur on level 6 of the Dungeon)
 I - a cursed +4 dire flail
 J - a cursed +2 hand axe of freezing
   (You took it off a wight on level 7 of the Dungeon)
 N - a +0 flail of holy wrath
   (You took it off an orc on level 3 of the Dungeon)
Missiles
 h - 98 arrows
 m - 9 tomahawks (quivered)
 n - 50 sling bullets
 y - 25 bolts
 M - 3 curare-tipped needles
Armour
 j - a +0 robe
 v - a +0 ring mail
 B - a +0 robe (worn)
 C - a +2 cloak (worn)
 D - a +0 buckler (worn)
 E - a +2 hat (worn)
 F - a +2 hat
 G - a +0 pair of gloves (worn)
Magical Staves
 w - an uncursed staff of wizardry {!a}
   (You found it on level 8 of the Dungeon)
Jewellery
 q - a ring of flight (left hand)
   (You found it on level 2 of the Dungeon)
 s - a +3 ring of strength (right hand)
   (You found it on level 2 of the Dungeon)
Scrolls
 e - 3 scrolls of blinking
 f - 3 scrolls of teleportation
 i - a scroll of noise
 k - 4 scrolls of fog
 o - a scroll of enchant armour
 p - 3 scrolls of fear
 r - 2 scrolls of remove curse
 t - a scroll of enchant weapon
 x - 2 scrolls of magic mapping
Potions
 l - 3 potions of magic
 u - 3 potions of brilliance
 z - 3 potions of might
Books
 d - a book of Maledictions

   Spells                             Type                      Level
   a - Corona                         Hexes                        1
   b - Ensorcelled Hibernation        Hexes/Ice                    2
   c - Confuse                        Hexes                        3
   d - Tukima's Dance                 Hexes                        3
   e - Dazzling Spray                 Conjuration/Hexes            3
 H - a book of Enchantments
   (You found it on level 7 of the Dungeon)

   Spells                             Type                      Level
   a - Cause Fear                     Hexes                        4
   b - Yara's Violent Unravelling     Hexes/Transmutation          5
   c - Silence                        Hexes/Air                    5
   d - Deflect Missiles               Charms/Air                   6
   e - Discord                        Hexes                        8
 L - a book of Conjurations
   (You found it on level 7 of the Dungeon)

   Spells                             Type                      Level
   a - Magic Dart                     Conjuration                  1
   b - Searing Ray                    Conjuration                  2
   c - Dazzling Spray                 Conjuration/Hexes            3
   d - Fulminant Prism                Conjuration/Hexes            4
   e - Force Lance                    Conjuration/Translocation    4
   f - Iskenderun's Mystic Blast      Conjuration                  4
Comestibles
 c - 10 rations


   Skills:
 + Level 4.0 Fighting
 + Level 4.8 Short Blades
 + Level 4.0 Long Blades
 + Level 4.0 Axes
 + Level 4.0 Maces & Flails
 + Level 4.0 Polearms
 + Level 4.0 Staves
 + Level 4.0 Slings
 + Level 4.0 Bows
 + Level 4.0 Crossbows
 + Level 4.0 Throwing
 + Level 4.0 Armour
 + Level 6.1 Dodging
 + Level 7.2 Stealth
 + Level 4.0 Shields
 + Level 4.0 Unarmed Combat
 + Level 6.4 Spellcasting
 + Level 3.2 Conjurations
 + Level 6.4 Hexes
 + Level 3.2 Charms
 + Level 3.2 Summonings
 + Level 3.2 Necromancy
 + Level 3.2 Translocations
 + Level 3.2 Transmutations
 + Level 3.2 Fire Magic
 + Level 3.2 Ice Magic
 + Level 3.2 Air Magic
 + Level 3.2 Earth Magic
 + Level 3.2 Poison Magic
 + Level 4.4 Invocations
 + Level 4.0 Evocations


You had 4 spell levels left.
You knew the following spells:

 Your Spells              Type           Power        Failure   Level  Hunger
a - Corona                Hex            #####..      1%          1    None
c - Confuse               Hex            #####...     1%          3    None
d - Dazzling Spray        Conj/Hex       ####..       2%          3    None
e - Ensorcelled Hibernat  Hex/Ice        ####..       1%          2    None
u - Tukima's Dance        Hex            #####...     1%          3    None
F - Fulminant Prism       Conj/Hex       ####......   10%         4    ###....


Dungeon Overview and Level Annotations

Branches:
Dungeon (9/15)             Temple (1/1) D:6
   Lair: D:8-11         Orc: D:9-12

Altars:
Ashenzari
Cheibriados
Dithmenos
Elyvilon
Fedhas
Gozag
Hepliaklqana
Kikubaaqudgha
Makhleb
Nemelex Xobeh
Qazlal
Ru
Trog
Vehumet
Xom
The Shining One

Shops:
D:6 %


Innate Abilities, Weirdness & Mutations

Your experience applies equally to all skills.
You have very sharp teeth.
Your uncanny sense of smell can sniff out nearby items.


Message History

The bolt of poison hits you!
You are poisoned.
You feel sick.
The guardian serpent casts a spell at you.
You feel yourself slow down.
You feel sick.
The guardian serpent casts a spell at you.
You resist with significant effort.
The guardian serpent weaves intricate patterns with the tip of its tongue.
The ogre blinks!
The ogre hits you with a giant club! The ogre barely misses you.
Casting: Confuse
Confirm with . or Enter, or press ? or * to list all spells.
Aiming: Confuse
Press: ? - help, Shift-Dir - straight line, f/p - guardian serpent
Aim: a guardian serpent (chance to defeat MR: 32%)
The guardian serpent easily resists.
You feel sick. The guardian serpent hits you!
* * * LOW HITPOINT WARNING * * *
The guardian serpent hits you!!
* * * LOW HITPOINT WARNING * * *
The ogre misses you. The guardian serpent misses you.
It was a potion of curing.
You feel better. The guardian serpent hits you.
* * * LOW HITPOINT WARNING * * *
The ogre misses you. The guardian serpent barely misses you.
Casting: Confuse
Confirm with . or Enter, or press ? or * to list all spells.
Aiming: Confuse
Press: ? - help, Shift-Dir - straight line, f/p - guardian serpent
Aim: a guardian serpent (chance to defeat MR: 32%)
Okay, then.
The flow of time bends around you.
Cheibriados rebukes the ogre.
The ogre seems to slow down.
Cheibriados rebukes the guardian serpent.
The guardian serpent seems to slow down.
You feel slightly more hungry. The guardian serpent barely misses you.
The ogre misses you.
Unknown command.
Casting: Confuse
Confirm with . or Enter, or press ? or * to list all spells.
Aiming: Confuse
Press: ? - help, Shift-Dir - straight line, f/p - guardian serpent
Aim: a guardian serpent (slow, chance to defeat MR: 32%)
The guardian serpent appears confused.
Casting: Confuse
Confirm with . or Enter, or press ? or * to list all spells.
Aiming: Ensorcelled Hibernation
Press: ? - help, Shift-Dir - straight line, f - ogre, p - guardian serpent
Aim: an ogre, wielding a giant club (slow, chance to defeat MR: 61%)
The ogre resists with significant effort.
The ogre misses you.
A hound comes into view.
Casting: Ensorcelled Hibernation
Confirm with . or Enter, or press ? or * to list all spells.
Aiming: Ensorcelled Hibernation
Press: ? - help, Shift-Dir - straight line, f/p - ogre
Aim: an ogre, wielding a giant club (slow, chance to defeat MR: 61%)
The ogre looks drowsy...
The hound completely misses you.
The helpless ogre fails to defend itself.
You stick the ogre like a pincushion!!!
You kill the ogre!
Your Fighting skill increases to level 4!
Your Long Blades skill increases to level 4!
Your Axes skill increases to level 4!
Your Maces & Flails skill increases to level 4!
Your Polearms skill increases to level 4!
Your Staves skill increases to level 4!
Your Slings skill increases to level 4!
Your Bows skill increases to level 4!
Your Crossbows skill increases to level 4!
Your Throwing skill increases to level 4!
Your Armour skill increases to level 4!
Your Shields skill increases to level 4!
Your Unarmed Combat skill increases to level 4!
Your Evocations skill increases to level 4!
The hound bites you but does no damage. The hound bites you.
* * * LOW HITPOINT WARNING * * *
Casting: Ensorcelled Hibernation
Confirm with . or Enter, or press ? or * to list all spells.
Aiming: Ensorcelled Hibernation
Press: ? - help, Shift-Dir - straight line, f - hound
Aim: a hound (chance to defeat MR: 69%)
The hound looks drowsy...
The helpless hound fails to defend itself.
You impale the hound!!
You kill the hound!
Cheibriados appreciates the change of pace.
The guardian serpent is no longer moving slowly.
Wield which item (- for none, * to show all)? (? for menu, Esc to quit)
Your +0 short sword of venom stops dripping with poison.
g - a +0 hunting sling (weapon)
Wield which item (- for none, * to show all)? (? for menu, Esc to quit)
b - a +1 dagger (weapon)
The guardian serpent misses you.
You hit the guardian serpent but do no damage.
You feel yourself speed up.
The guardian serpent seems less confused.
The guardian serpent hits you but does no damage.
The guardian serpent hits you!
You die...

..# ∆ ..# #.+
### #.# ##.#
#.# #..# #.##
#..#########S.#
#..†....)...@.#
#..########...#
#..# #...# #..#
#...# #..#
#...# #.[#
#...# #..#
#...# #..#
#.$.# #..#
#...#


You could see a guardian serpent.

Vanquished Creatures
  Psyche (D:8)
  A sky beast (D:7)
  2 ogres
  2 centaurs
  A big kobold (D:7)
  4 bullfrogs
  A scorpion (D:6)
  5 wights (D:7)
  A howler monkey (D:3)
  A crimson imp (D:6)
  An orc priest (D:3)
  3 hounds
  5 orc wizards
  An iguana (D:6)
  A worker ant (D:9)
  A killer bee zombie (D:6)
  13 adders
  4 river rats (Sewer)
  A shadow imp (D:8)
  An ooze (Sewer)
  5 worms
  4 leopard geckos
  12 orcs
  10 ball pythons (Sewer)
  12 bats
  8 giant cockroaches
  6 goblins
  6 hobgoblins
  4 jackals (D:1)
  2 quokkas
  5 frilled lizards
  10 kobolds
  33 rats
167 creatures vanquished.

Notes
Turn   | Place    | Note
-------+----------+-------------------------------------------
     0 | D:1      | tidbits the Gnoll Enchanter began the quest for the Orb.
     0 | D:1      | Reached XP level 1. HP: 13/13 MP: 6/6
   144 | D:1      | Reached XP level 2. HP: 14/19 MP: 5/7
   152 | D:1      | Learned a level 2 spell: Ensorcelled Hibernation
   305 | D:1      | Reached XP level 3. HP: 19/25 MP: 5/9
   359 | D:1      | Reached skill level 5 in Spellcasting
   426 | D:2      | Reached skill level 6 in Stealth
   482 | D:2      | Reached skill level 1 in Invocations
   516 | D:2      | Found a blossoming altar of Fedhas.
   521 | D:2      | Found a stormy altar of Qazlal.
   538 | D:2      | Reached skill level 1 in Fighting
   538 | D:2      | Reached skill level 1 in Long Blades
   538 | D:2      | Reached skill level 1 in Axes
   538 | D:2      | Reached skill level 1 in Maces & Flails
   538 | D:2      | Reached skill level 1 in Polearms
   538 | D:2      | Reached skill level 1 in Staves
   538 | D:2      | Reached skill level 1 in Slings
   538 | D:2      | Reached skill level 1 in Bows
   538 | D:2      | Reached skill level 1 in Crossbows
   538 | D:2      | Reached skill level 1 in Throwing
   538 | D:2      | Reached skill level 1 in Armour
   538 | D:2      | Reached skill level 1 in Shields
   538 | D:2      | Reached skill level 1 in Unarmed Combat
   538 | D:2      | Reached skill level 1 in Evocations
   571 | D:3      | Learned a level 3 spell: Confuse
   575 | D:3      | Learned a level 3 spell: Tukima's Dance
   579 | D:3      | Learned a level 3 spell: Dazzling Spray
   587 | D:3      | Reached XP level 4. HP: 25/32 MP: 8/11
   665 | D:3      | Reached skill level 1 in Conjurations
   665 | D:3      | Reached skill level 1 in Charms
   665 | D:3      | Reached skill level 1 in Summonings
   665 | D:3      | Reached skill level 1 in Necromancy
   665 | D:3      | Reached skill level 1 in Translocations
   665 | D:3      | Reached skill level 1 in Transmutations
   665 | D:3      | Reached skill level 1 in Fire Magic
   665 | D:3      | Reached skill level 1 in Ice Magic
   665 | D:3      | Reached skill level 1 in Air Magic
   665 | D:3      | Reached skill level 1 in Earth Magic
   665 | D:3      | Reached skill level 1 in Poison Magic
   719 | D:5      | Entered Level 5 of the Dungeon
   776 | D:3      | Reached XP level 5. HP: 20/37 MP: 10/12
   813 | D:3      | Reached skill level 3 in Short Blades
  1119 | D:3      | Reached XP level 6. HP: 38/44 MP: 2/13
  1146 | D:3      | Reached skill level 2 in Invocations
  1163 | D:3      | Reached skill level 5 in Dodging
  1174 | D:3      | Reached skill level 2 in Fighting
  1174 | D:3      | Reached skill level 2 in Long Blades
  1174 | D:3      | Reached skill level 2 in Axes
  1174 | D:3      | Reached skill level 2 in Maces & Flails
  1174 | D:3      | Reached skill level 2 in Polearms
  1174 | D:3      | Reached skill level 2 in Staves
  1174 | D:3      | Reached skill level 2 in Slings
  1174 | D:3      | Reached skill level 2 in Bows
  1174 | D:3      | Reached skill level 2 in Crossbows
  1174 | D:3      | Reached skill level 2 in Throwing
  1174 | D:3      | Reached skill level 2 in Armour
  1174 | D:3      | Reached skill level 2 in Shields
  1174 | D:3      | Reached skill level 2 in Unarmed Combat
  1174 | D:3      | Reached skill level 2 in Evocations
  1215 | D:3      | Found a glowing drain.
  1220 | Sewer    | Entered a sewer
  1301 | Sewer    | HP: 3/44 [adder (2)]
  1301 | Sewer    | HP: 1/44 [ball python (2)]
  1408 | Sewer    | Reached XP level 7. HP: 14/50 MP: 2/15
  1457 | Sewer    | Reached skill level 2 in Conjurations
  1457 | Sewer    | Reached skill level 2 in Charms
  1457 | Sewer    | Reached skill level 2 in Summonings
  1457 | Sewer    | Reached skill level 2 in Necromancy
  1457 | Sewer    | Reached skill level 2 in Translocations
  1457 | Sewer    | Reached skill level 2 in Transmutations
  1457 | Sewer    | Reached skill level 2 in Fire Magic
  1457 | Sewer    | Reached skill level 2 in Ice Magic
  1457 | Sewer    | Reached skill level 2 in Air Magic
  1457 | Sewer    | Reached skill level 2 in Earth Magic
  1457 | Sewer    | Reached skill level 2 in Poison Magic
  1471 | Sewer    | HP: 5/51 [poisoned by an adder]
  1571 | D:2      | You fall through a shaft!
  1680 | D:6      | Reached skill level 3 in Invocations
  1690 | D:6      | Found a staircase to the Ecumenical Temple.
  1698 | Temple   | Entered the Ecumenical Temple
  1796 | D:6      | Found a hazy altar of Hepliaklqana.
  1796 | D:6      | Found a bloodstained altar of Trog.
  1796 | D:6      | Found a snail-covered altar of Cheibriados.
  1806 | D:6      | Became a worshipper of Cheibriados the Contemplative
  1867 | D:6      | Reached skill level 6 in Hexes
  1867 | D:6      | Reached XP level 8. HP: 53/57 MP: 9/16
  1871 | D:6      | Found Guku Fuh's Food Emporium.
  1969 | D:6      | Reached skill level 4 in Short Blades
  1973 | D:6      | Reached skill level 3 in Fighting
  1973 | D:6      | Reached skill level 3 in Long Blades
  1973 | D:6      | Reached skill level 3 in Axes
  1973 | D:6      | Reached skill level 3 in Maces & Flails
  1973 | D:6      | Reached skill level 3 in Polearms
  1973 | D:6      | Reached skill level 3 in Staves
  1973 | D:6      | Reached skill level 3 in Slings
  1973 | D:6      | Reached skill level 3 in Bows
  1973 | D:6      | Reached skill level 3 in Crossbows
  1973 | D:6      | Reached skill level 3 in Throwing
  1973 | D:6      | Reached skill level 3 in Armour
  1973 | D:6      | Reached skill level 3 in Shields
  1973 | D:6      | Reached skill level 3 in Unarmed Combat
  1973 | D:6      | Reached skill level 3 in Evocations
  2031 | D:6      | Reached * piety under Cheibriados
  2031 | D:6      | Reached skill level 6 in Spellcasting
  2164 | D:7      | Found an ancient bone altar of Kikubaaqudgha.
  2181 | D:7      | Reached skill level 7 in Stealth
  2195 | D:7      | Learned a level 4 spell: Fulminant Prism
  2257 | D:7      | Reached skill level 4 in Invocations
  2330 | D:8      | Noticed Psyche
  2339 | D:8      | Killed Psyche
  2339 | D:8      | Reached skill level 6 in Dodging
  2339 | D:8      | Reached skill level 3 in Conjurations
  2339 | D:8      | Reached skill level 3 in Charms
  2339 | D:8      | Reached skill level 3 in Summonings
  2339 | D:8      | Reached skill level 3 in Necromancy
  2339 | D:8      | Reached skill level 3 in Translocations
  2339 | D:8      | Reached skill level 3 in Transmutations
  2339 | D:8      | Reached skill level 3 in Fire Magic
  2339 | D:8      | Reached skill level 3 in Ice Magic
  2339 | D:8      | Reached skill level 3 in Air Magic
  2339 | D:8      | Reached skill level 3 in Earth Magic
  2339 | D:8      | Reached skill level 3 in Poison Magic
  2339 | D:8      | Reached XP level 9. HP: 65/65 MP: 5/18
  2461 | D:9      | Noticed a guardian serpent
  2467 | D:9      | HP: 3/65 [guardian serpent (19)]
  2473 | D:9      | Reached skill level 4 in Fighting
  2473 | D:9      | Reached skill level 4 in Long Blades
  2473 | D:9      | Reached skill level 4 in Axes
  2473 | D:9      | Reached skill level 4 in Maces & Flails
  2473 | D:9      | Reached skill level 4 in Polearms
  2473 | D:9      | Reached skill level 4 in Staves
  2473 | D:9      | Reached skill level 4 in Slings
  2473 | D:9      | Reached skill level 4 in Bows
  2473 | D:9      | Reached skill level 4 in Crossbows
  2473 | D:9      | Reached skill level 4 in Throwing
  2473 | D:9      | Reached skill level 4 in Armour
  2473 | D:9      | Reached skill level 4 in Shields
  2473 | D:9      | Reached skill level 4 in Unarmed Combat
  2473 | D:9      | Reached skill level 4 in Evocations
  2482 | D:9      | Slain by a guardian serpent

Skill      XL: |  1  2  3  4  5  6  7  8  9 |
---------------+----------------------------+-----
Spellcasting   | 5 6 |  6.4
Stealth        | 6 7 |  7.2
Invocations    | 1 2 3 4 |  4.4
Fighting       | 1 2 3 4 |  4.0
Long Blades    | 1 2 3 4 |  4.0
Axes           | 1 2 3 4 |  4.0
Maces & Flails | 1 2 3 4 |  4.0
Polearms       | 1 2 3 4 |  4.0
Staves         | 1 2 3 4 |  4.0
Slings         | 1 2 3 4 |  4.0
Bows           | 1 2 3 4 |  4.0
Crossbows      | 1 2 3 4 |  4.0
Throwing       | 1 2 3 4 |  4.0
Armour         | 1 2 3 4 |  4.0
Shields        | 1 2 3 4 |  4.0
Unarmed Combat | 1 2 3 4 |  4.0
Evocations     | 1 2 3 4 |  4.0
Conjurations   | 1 2 3 |  3.2
Charms         | 1 2 3 |  3.2
Summonings     | 1 2 3 |  3.2
Necromancy     | 1 2 3 |  3.2
Translocations | 1 2 3 |  3.2
Transmutations | 1 2 3 |  3.2
Fire Magic     | 1 2 3 |  3.2
Ice Magic      | 1 2 3 |  3.2
Air Magic      | 1 2 3 |  3.2
Earth Magic    | 1 2 3 |  3.2
Poison Magic   | 1 2 3 |  3.2
Short Blades   | 3 4 |  4.8
Dodging        | 5 6 |  6.1
Hexes          | 6 |  6.4

Action                   |  1- 3 |  4- 6 |  7- 9 || total
-------------------------+-------+-------+-------++-------
Melee: Dagger            |    25 |       |     1 ||    26
       Short sword       |    53 |   139 |   123 ||   315
       Bite              |     7 |    14 |    17 ||    38
Throw: Tomahawk          |       |     1 |     1 ||     2
 Cast: Corona            |     9 |     1 |     1 ||    11
       Ensorcelled Hiber |     4 |    21 |    27 ||    52
       Dazzling Spray    |       |    10 |     6 ||    16
       Confuse           |       |       |    16 ||    16
Invok: Bend Time         |       |       |     1 ||     1
  Use: Scroll            |     3 |     4 |     7 ||    14
       Potion            |       |     6 |     4 ||    10
 Stab: Sleeping          |    20 |    15 |    24 ||    59
       Invisible         |       |     4 |       ||     4
       Confused          |       |       |     6 ||     6
  Eat: Chunk             |       |     3 |     3 ||     6
Armor: Robe              |     9 |    21 |    31 ||    61
Dodge: Dodged            |    39 |    95 |   153 ||   287
Block: Buckler           |       |    24 |    27 ||    51

Table legend:
 A = Turns spent in this place as a percentage of turns spent in the entire game.
 B = Non-inter-level travel turns spent in this place as a percentage of non-inter-level travel turns spent in the entire game.
 C = Inter-level travel turns spent in this place as a percentage of turns spent in this place.
 D = Turns resting spent in this place as a percentage of non-inter-level travel turns spent in this place.
 E = Turns spent auto-exploring this place as a percentage of non-inter-level travel turns spent in this place.
 F = Non-inter-level travel turns spent in this place divided by the number of levels of this place that you've seen.
                   A       B       C       D       E      F
               +-------+-------+-------+-------+-------+----------------------
         Total | 100.0 | 100.0 |   1.7 |   0.0 |   0.0 | 221.7
       Dungeon |  87.2 |  87.0 |   2.0 |   0.0 |   0.0 | 235.7
        Temple |   1.5 |   1.6 |   0.0 |   0.0 |   0.0 |  38.0
         Sewer |  11.3 |  11.5 |   0.0 |   0.0 |   0.0 | 280.0
               +-------+-------+-------+-------+-------+----------------------

Table legend:
 A = Kills in this place as a percentage of kills in entire the game.
 B = Kills by you in this place as a percentage of kills by you in the entire game.
 C = Kills by friends in this place as a percentage of kills by friends in the entire game.
 D = Other kills in this place as a percentage of other kills in the entire game.
 E = Experience gained in this place as a percentage of experience gained in the entire game.
 F = Experience gained in this place divided by the number of levels of this place that you have seen.
                   A       B       C       D       E      F
               +-------+-------+-------+-------+-------+----------------------
         Total | 100.0 | 100.0 |   N/A |   N/A | 100.0 | 266.7
       Dungeon |  71.3 |  71.3 |   N/A |   N/A |  87.7 | 286.0
         Sewer |  28.7 |  28.7 |   N/A |   N/A |  12.3 | 360.0
               +-------+-------+-------+-------+-------+----------------------

Vault maps used:
D:1:      wheals_arrival_shading
D:2:      grunt_temple_overflow_forces_of_nature, okawaru_altar_gauntlet_db,
          grunt_ministairs_11, minmay_misc_feat_four_crosses
D:3:      first_ration, lightli_sewer_entry_pipes
D:4:      tgw_sif, kennysheep_generic_room_2
D:5:      cheibrodos_quashed, lemuel_crystal_altar, basic_altar, uniq_grinder
D:6:      grunt_temple_overflow_open, minmay_temple_entry_glassed_door,
          serial_shops, nicolae_shop_waterfront
D:7:      nicolae_overflow_crystal_walls
D:8:      uniq_psyche, uniq_grum
D:9:      nrook_guardian_serpent_snake_passage,
          minmay_overflow_temple_star_quad, serial_shops, shop_fountains,
          nicolae_shop_crystal, nicolae_shop_statue_plus, shop, shop
Temple:   eino_wide_crystal_templ
Sewer:    sewer_minmay_w
